cohdb
Replays
Latest Replays
All Replays
Popular Replays
Top Player Replays
Match Explorer
How It Works
Community
CoH3 Stats
Reddit
Sign in to upload your games and track your stats! →
Sign in with Steam
Match 47083889
Unlisted
Match 47083889
Overview
Messages
Build Orders
End
Selects Luftwaffe Battlegroup
Selects Luftwaffe Pioneer Support
Fallschirmpioneer Squad Paradrop
Kettenkrad Recon Vehicle
Construct Infanterie Kompanie
MG 42 Machine Gun Team
Fallschirmpioneer Squad Paradrop
Construct Luftwaffe Kompanie
Selects Reconnaissance Run
Support Elements
Selects Fallschirmjäger Squad Paradrop
Fallschirmjäger Squad Paradrop
Wirbelwind Flakpanzer
Fallschirmjäger Squad Paradrop
Construct Panzergrenadier Kompanie
Forward Retreat Point
Selects Stuka Loiter
Medical Bunker
Pak 40 Anti-tank Gun Team
Reconnaissance Run
Construct Panzer Kompanie
Sgt wiggumZ
nogadaman
SMash [FOXES]
Nord
AD
GANDX
CommieRed
Thank You Chef
0
0
Comments
sign in to comment!
No comments posted yet!